Map: Frost LE

Players

Seigifried

  • Race: Protoss Protoss
  • League: Master

Miszu - Winner!

  • Race: Terran Terran
  • League: Master

VOD

Have the link to the VOD?

Description

Time

  • Played on: June 29, 2016, 12:50 p.m.
  • Length: 12:32
Show
View Real Time Build Order
Export as new Build Order

Seigifried Protoss 

Build Orders:  

Get SALT Encoding   

  12  0:01  Probe (Chrono Boost)  
  13  0:11  Probe (Chrono Boost)  
  14  0:18  Pylon  
  14  0:24  Probe (Chrono Boost)  
  15  0:36  Probe (Chrono Boost)  
  15  0:40  Gateway  
  16  0:47  Probe (Chrono Boost)  
  17  0:50  Assimilator  
  17  0:57  Probe (Chrono Boost)  
  18  1:08  Probe (Chrono Boost)  
  19  1:18  Probe (Chrono Boost)  
  20  1:29  Probe (Chrono Boost)  
  20  1:30  Cybernetics Core  
  21  1:34  Pylon  
  21  1:41  Probe (Chrono Boost)  
  22  1:48  Assimilator  
  22  1:51  Probe (Chrono Boost)  
  23  2:05  Nexus  
  23  2:09  Stalker (Chrono Boost)  
  23  2:12  Warp Gate  
  24  2:18  Probe  
  25  2:27  Pylon  
  25  2:41  Probe  
  25  2:43  Robotics Facility  
  26  2:53  Mothership Core (Chrono Boost)  
  26  2:55  Gateway  
  28  3:07  Adept  
  28  3:12  Probe (Chrono Boost)  
  31  3:17  Pylon  
  31  3:22  Gateway  
  31  3:30  Observer (Chrono Boost)  
  31  3:32  Probe  
  33  3:41  Probe  
  33  3:44  Probe  
  35  3:49  Observer (Chrono Boost)  
  35  3:52  Probe  
  37  3:56  Probe  
  37  3:57  Twilight Council  
  38  4:03  Probe  
  38  4:08  Probe  
  26  4:41  Probe  
  27  4:51  Blink (Chrono Boost), Probe  
  28  4:53  Probe  
  28  4:55  Stalker  
  28  4:56  Stalker x2  
  35  5:01  Probe  
  35  5:05  Probe  
  37  5:12  Probe  
  38  5:17  Probe  
  38  5:21  Gateway  
  39  5:22  Probe  
  40  5:34  Gateway  
  40  5:36  Probe  
  40  5:37  Probe  
  42  5:45  Gateway  
  42  5:46  Probe  
  43  5:57  Gateway  
  43  5:58  Probe  
  43  6:02  Pylon, Probe  
  44  6:11  Probe  
  46  6:13  Probe  
  47  6:23  Robotics Bay, Probe  
  47  6:27  Stalker  
  47  6:31  Stalker  
  51  6:34  Observer  
  51  6:39  Stalker  
  54  6:40  Probe x2  
  54  6:46  Assimilator  
  56  6:49  Pylon  
  56  6:52  Stalker  
  58  7:04  Stalker x2  
  62  7:09  Disruptor (Chrono Boost)  
  62  7:11  Probe  
  62  7:12  Probe  
  67  7:16  Stalker  
  69  7:33  Stalker  
  69  7:34  Stalker x3  
  77  7:50  Pylon  
  77  7:51  Pylon  
  77  7:57  Pylon  
  77  8:08  Disruptor (Chrono Boost)  
  77  8:11  Stalker x2  
  84  8:14  Probe  
  84  8:15  Probe  
  84  8:16  Assimilator  
  84  8:19  Stalker x2  
  88  8:30  Stalker  
  72  8:50  Stalker x4  
  74  8:56  Stalker  
  74  8:58  Probe  
  74  8:59  Probe  
  74  9:11  Stalker x2, Probe  
  74  9:13  Probe  
  78  9:21  Stalker x3  
  84  9:27  Stalker  
  86  9:41  Disruptor (Chrono Boost)  
  89  9:54  Stalker x2  
  89  9:57  Nexus  
  93  10:01  Pylon  
  93  10:05  Probe  
  94  10:07  Probe  
  94  10:12  Disruptor (Chrono Boost)  
  98  10:26  Stalker x3  
  88  10:57  Stalker x2  
  79  11:17  Stalker x2  
  75  11:29  Disruptor (Chrono Boost)  
  53  11:49  Stalker x3  
  53  11:51  Sentry  
  59  12:02  Sentry x2  
  45  12:18  Stalker x3  
Show
View Real Time Build Order
Export as new Build Order

Miszu Terran - Winner!

Build Orders: 1/1/1, Liberator Opening, MMM Bio 

Get SALT Encoding   

  12  0:00  SCV  
  13  0:12  SCV  
  14  0:17  Supply Depot  
  14  0:25  SCV  
  15  0:35  Refinery  
  15  0:39  SCV  
  16  0:45  Barracks  
  16  0:51  SCV  
  16  0:56  Refinery  
  17  1:03  SCV  
  18  1:15  SCV  
  19  1:27  SCV  
  20  1:33  Factory, Marine  
  21  1:41  Orbital Command  
  21  1:51  Marine  
  22  1:55  Supply Depot  
  22  2:07  SCV  
  23  2:17  Marine  
  23  2:18  Starport  
  23  2:21  SCV  
  25  2:27  Hellion  
  27  2:34  SCV  
  27  2:35  Marine  
  29  2:40  Supply Depot  
  29  2:46  SCV  
  30  2:53  Marine  
  31  3:02  Hellion, Medivac  
  35  3:06  Supply Depot  
  35  3:10  Marine  
  36  3:14  Liberator  
  36  3:23  Hellion  
  38  3:29  Barracks Reactor  
  41  3:45  Command Center  
  41  3:48  Factory Tech Lab  
  41  4:02  Barracks  
  41  4:04  Barracks  
  41  4:05  Marine  
  38  4:24  Marine x2  
  35  4:37  Siege Tank  
  35  4:38  SCV  
  33  4:41  Starport Reactor, Marine  
  33  4:42  Marine  
  35  4:55  Barracks Tech Lab x2  
  35  4:56  SCV  
  35  4:59  Marine x2  
  37  5:04  Orbital Command  
  38  5:08  SCV  
  42  5:15  Stimpack  
  42  5:17  Marine  
  40  5:22  Siege Tank, SCV  
  44  5:29  Marine  
  44  5:30  SCV  
  44  5:34  SCV  
  44  5:35  Medivac  
  49  5:41  Supply Depot  
  49  5:42  SCV  
  49  5:45  Refinery  
  49  5:46  Engineering Bay, SCV  
  51  5:51  Marine  
  51  5:55  Siege Tank, SCV  
  56  5:58  Combat Shields  
  56  5:59  SCV  
  57  6:07  SCV  
  57  6:09  Supply Depot  
  57  6:10  Medivac  
  57  6:11  SCV  
  61  6:17  Marine x2  
  61  6:18  Marine  
  64  6:19  Marine, SCV  
  64  6:23  SCV  
  67  6:29  Siege Tank  
  67  6:31  SCV  
  71  6:33  Medivac  
  71  6:35  Marine x2  
  71  6:36  Refinery  
  75  6:40  Supply Depot  
  75  6:43  Terran Infantry Weapons Level 1  
  75  6:45  SCV  
  75  6:46  SCV  
  77  6:59  SCV  
  77  7:00  Barracks  
  78  7:01  Barracks  
  78  7:02  SCV  
  78  7:05  Supply Depot  
  78  7:08  Liberator  
  79  7:09  Liberator  
  79  7:11  Marine  
  79  7:12  Marine  
  79  7:13  Marine x2  
  83  7:29  Marine  
  90  7:44  Marauder  
  90  7:45  Marine x2  
  94  8:03  Barracks Reactor  
  94  8:04  Barracks Reactor  
  94  8:07  Supply Depot  
  94  8:08  Supply Depot x2, Marine x3  
  94  8:09  Marauder  
  99  8:18  Liberator  
  99  8:19  Liberator  
  99  8:32  Marine  
  99  8:33  Marine, Marauder x2  
  105  8:34  Siege Tank  
  80  8:50  Marine  
  80  8:54  Marauder x2  
  84  8:57  Marine  
  79  9:11  Marine x2  
  79  9:12  Marine x3  
  79  9:16  Marauder x2  
  87  9:18  Medivac  
  87  9:19  Medivac  
  87  9:21  Marine  
  92  9:29  Marine x4  
  96  9:37  Marauder  
  98  9:46  Marine, Liberator x2  
  98  9:47  Marine x5, Marauder  
  106  9:58  Marine  
  107  10:04  Marine x2  
  107  10:05  Marine x3  
  118  10:27  Marine x3, Marauder  
  118  10:28  Marine x4  
  121  10:45  Marine x3  
  97  10:59  Marine, Marauder x2  
  97  11:01  Liberator  
  99  11:07  Marine  
  94  11:16  Marine  
  94  11:17  Marine x4  
  94  11:18  Siege Tank  
  92  11:20  Marauder  
  92  11:21  Marauder  
  92  11:25  Marine  
  97  11:34  Marine, SCV  
  97  11:35  Marine x2  
  95  11:41  Marauder  
  95  11:42  Marauder  
  95  11:46  Marine  
  81  11:50  Marine  
  81  11:53  Marine  
  81  11:54  Marine x3  
  86  12:03  Marauder x2  
  86  12:04  Marine  
Tags
 
Add a new tag
Caveats
  • Supply blocks, unpowered buildings, or Contaminate may cause inaccurate times.
  • Supply counts are checked every 10 seconds.